 Dungeon Crawl Stone Soup version 0.28-a0-1227-ga9037bb4c8 (webtiles) character file.

Game seed: 15888626421495539156

23 cameronsadist the Vexing (level 2, 0/23 HPs)
             Began as a Demigod Wanderer on Dec 22, 2021.
             Slain by a gnoll (1 damage)
             ... on level 1 of the Dungeon.
             The game lasted 00:07:30 (1304 turns).

cameronsadist the Vexing (Demigod Wanderer)         Turns: 1304, Time: 00:07:30

Health: 0/23       AC:  3    Str: 13    XL:     2   Next: 57%
Magic:  3/7        EV: 11    Int: 17    God:
Gold:   32         SH:  0    Dex: 10    Spells: 3/4 levels left

rFire   . . .      SeeInvis .   f - +0 trident
rCold   . . .      Faith    .   (no shield)
rNeg    . . .      Spirit   .   g - +0 leather armour
rPois   .          Reflect  .   (no helmet)
rElec   .          Harm     .   (no cloak)
rCorr   .          Rampage  .   (no gloves)
Will    .....                   (no boots)
Stlth   +.........              (no amulet)
HPRegen 0.07/turn               (no ring)
MPRegen 0.10/turn               (no ring)

@: mighty
A: high mp 1, forlorn, divine attributes
a: no special abilities


You were on level 1 of the Dungeon.
You visited 1 branch of the dungeon, and saw 1 of its levels.

You collected 32 gold pieces.

Inventory:

Hand Weapons
 a - a +0 club
 f - a +0 trident (weapon)
Armour
 b - a +1 robe
 g - a +0 leather armour (worn)
Scrolls
 e - a scroll of identify {unknown}
Potions
 c - a potion of attraction


   Skills:
 + Level 1.2 Fighting
 - Level 0.3 Dodging
 + Level 1.9 Spellcasting
 * Level 4.1 Hexes
 - Level 1.9 Transmutations
 - Level 1.0 Evocations


You had 3 spell levels left.
You knew the following spells:

 Your Spells              Type           Power      Damage    Failure   Level
a - Slow                  Hex            60%        N/A       4%          1

Your spell library contained the following spells:

 Spells                   Type           Power      Damage    Failure   Level
 Beastly Appendage        Tmut           16%        N/A       11%         1
 Confusing Touch          Hex            15%        N/A       14%         3
 Dazzling Flash           Conj/Hex       16%        N/A       32%         3
 Inner Flame              Hex/Fire       8%         N/A       32%         3
 Spider Form              Tmut/Pois      4%         N/A       45%         3
 Vampiric Draining        Necr           1%         2d6       58%         3


Dungeon Overview and Level Annotations

Branches:
Dungeon (1/15)


Innate Abilities, Weirdness & Mutations

You have an increased reservoir of magic. (+10% MP)
You shall have no god before yourself.
Your divine heritage dramatically boosts your attributes as you level up.


Message History

Confirm with . or Enter, or press ? or * to list all spells.
Aiming: Slow (safe; 4% risk of failure)
Press: ? - help, Shift-Dir - straight line, f/p - gnoll
Aim: a gnoll, wielding a +0 whip (heavily wounded, chance to affect: 61%)
The gnoll resists with significant effort.
The gnoll barely misses you.
Casting: Slow (safe; 4% risk of failure)
Confirm with . or Enter, or press ? or * to list all spells.
Aiming: Slow (safe; 4% risk of failure)
Press: ? - help, Shift-Dir - straight line, f/p - gnoll
Aim: a gnoll, wielding a +0 whip (heavily wounded, chance to affect: 61%)
The gnoll resists with significant effort.
The gnoll barely misses you.
Casting: Slow (safe; 4% risk of failure)
Confirm with . or Enter, or press ? or * to list all spells.
Aiming: Slow (safe; 4% risk of failure)
Press: ? - help, Shift-Dir - straight line, f/p - gnoll
Aim: a gnoll, wielding a +0 whip (heavily wounded, chance to affect: 61%)
The gnoll resists with significant effort.
The gnoll barely misses you.
Your magical contamination has completely faded away.
The gnoll hits you with a +0 whip!
* * * LOW HITPOINT WARNING * * *
Casting: Slow (safe; 4% risk of failure)
Confirm with . or Enter, or press ? or * to list all spells.
Aiming: Slow (safe; 4% risk of failure)
Press: ? - help, Shift-Dir - straight line, f/p - gnoll
Aim: a gnoll, wielding a +0 whip (heavily wounded, chance to affect: 61%)
The gnoll resists with significant effort.
The gnoll closely misses you.
Really quaff the potion of attraction?
Okay, then.
It was a potion of might.
You feel very mighty all of a sudden. The gnoll hits you with a +0 whip.
* * * LOW HITPOINT WARNING * * *
You hit the gnoll.
The gnoll is almost dead.
The gnoll hits you with a +0 whip.
You die...

#........†...#...
#............#.##
#..........#.#.##
#######'#....#.##
#...†.....)......
#.#####.####.#.##
#.# #.# .#.##
####.#####+# .#.##
#Kg@........ #.##
#.##.####... #.#.
#.##)####.....###.##
#...>...............
#....######. #.#.
#....# ####'#'
#....######+##......
#.)..##......#......
#....##......#......


You could see a gnoll and a kobold.

Vanquished Creatures
  3 ball pythons (D:1)
  An endoplasm (D:1)
  A giant cockroach (D:1)
  3 goblins (D:1)
  2 hobgoblins (D:1)
  3 jackals (D:1)
  3 bats (D:1)
  3 frilled lizards (D:1)
  A kobold (D:1)
  2 rats (D:1)
22 creatures vanquished.

Notes
Turn   | Place    | Note
-------+----------+-------------------------------------------
     0 | D:1      | cameronsadist the Demigod Wanderer began the quest for the
                  | Orb.
     0 | D:1      | cameronsadist set off with the following items: a +0 club,
                  | a +0 robe, a potion of attraction; and the following spells
                  | available to memorise: Slow, Beastly Appendage, Dazzling
                  | Flash, Inner Flame, Spider Form
     0 | D:1      | Reached XP level 1. HP: 16/16 MP: 5/5
     2 | D:1      | Learned a level 1 spell: Slow
   365 | D:1      | Reached XP level 2. HP: 23/23 MP: 5/7
   508 | D:1      | Reached skill level 4 in Hexes
  1303 | D:1      | HP: 1/23 [gnoll (6)]
  1304 | D:1      | Slain by a gnoll

Illustrated notes

Levels and vault maps discovered:
D:1:      tarquinn_simple_flora_water_d, layout_basic

Skill      XL: |  1  2 |
---------------+-------+-----
Hexes          | 4 |  4.1
Fighting       | |  1.2
Dodging        | |  0.3
Spellcasting   | |  1.9
Transmutations | |  1.9
Evocations     | |  1.0

Action                   || total
-------------------------++-------
Melee: Club              ||    64
       Trident           ||    44
 Cast: Slow              ||    21
  Use: Scroll            ||     1
       Potion            ||     1
Armor: Robe              ||    34
       Leather armour    ||     1
Dodge: Dodged            ||    89

Table legend: (Time is in decaauts)
 A = Elapsed time spent in this place.
 B = Non-inter-level travel time spent in this place.
 C = Inter-level travel time spent in this place.
 D = Time resting spent in this place.
 E = Time spent auto-exploring this place.
 F = Levels seen in this place.
 G = Mean time per level.
                   A        B        C        D        E       F      G
               +--------+--------+--------+--------+--------+-----+--------+
         Total |   1335 |   1070 |    265 |    764 |      0 |   1 | 1335.0 |
       Dungeon |   1335 |   1070 |    265 |    764 |      0 |   1 | 1335.0 |
               +--------+--------+--------+--------+--------+-----+--------+

Top non-repeatable levels by time:
     D:1: 1335 daAuts
